 Dungeon Crawl Stone Soup version 0.17-a0-1949-g1acca9a (webtiles) character file.

15679 Ordine the Cruncher (level 12, -23/110 HPs)
             Began as a Minotaur Gladiator on Oct 2, 2015.
             Annihilated by zigs's ghost (29 damage)
             ... on level 3 of the Lair of Beasts.
             The game lasted 00:31:56 (10650 turns).

Ordine the Cruncher (Minotaur Gladiator)           Turns: 10650, Time: 00:31:56

Health: -23/110    AC: 17    Str: 18 (19) XL:     12   Next: 3%
Magic:  11/11      EV: 11    Int:  5      God:
Gold:   617        SH:  2    Dex: 17      Spells: 0 memorised, 11 levels left

rFire  + . .     SeeInvis +     c - +4 quarterstaff
rCold  + . .     Clarity  .     I - +0 plate armour {rPois}
rNeg   . . .     SustAt   .     (no shield)
rPois  +         Gourm    .     (helmet unavailable)
rElec  .         Spirit   .     i - +0 cloak
rCorr  .         Warding  .     g - +1 pair of gloves
rMut   .         Stasis   .     m - -2 pair of boots
MR     +....                    (no amulet)
Stlth  ..........               D - ring of protection from fire
                                f - ring of see invisible

@: invisible, somewhat resistant to hostile enchantments, extremely unstealthy
A: retaliatory headbutt, horns 3, large bone plates 1, thin metallic scales 1,
cold resistance 1, deformed body, deterioration 1, magic resistance 1
a: no special abilities


You were on level 3 of the Lair of Beasts.
You were not hungry.

You visited 3 branches of the dungeon, and saw 14 of its levels.

You collected 617 gold pieces.

Inventory:

Hand weapons
 c - a +4 quarterstaff (weapon)
Missiles
 d - 5 throwing nets (quivered)
Armour
 g - a +1 pair of gloves (worn)
 i - a +0 cloak (worn)
 m - a -2 pair of boots (worn)
 I - a +0 plate armour of poison resistance (worn)
Jewellery
 f - a ring of see invisible (left hand)
 j - an uncursed ring of invisibility
 D - a ring of protection from fire (right hand)
Magical devices
 o - a wand of paralysis (16)
 y - a wand of digging (21)
 M - a wand of heal wounds (6)
Scrolls
 h - 4 scrolls of teleportation
 l - 2 scrolls of enchant weapon
 w - 8 scrolls of remove curse
 A - a scroll of blinking
 E - 3 scrolls of fog
 G - 2 scrolls of magic mapping
Potions
 k - a potion of invisibility
 z - a potion of lignification
 B - a potion of ambrosia
 J - 4 potions of curing {unknown}
 O - a potion of berserk rage {unknown}
Books
 b - a book of Frost

   Spells                             Type                      Level
   a - Freeze                         Ice                          1
   b - Throw Frost                    Conjuration/Ice              2
   c - Ozocubu's Armour               Charms/Ice                   3
   d - Throw Icicle                   Conjuration/Ice              4
   e - Summon Ice Beast               Ice/Summoning                4
   f - Condensation Shield            Ice                          4
Miscellaneous
 a - a phantom mirror
Comestibles
 e - 7 bread rations
 n - 7 chunks of flesh
 p - 7 fruits


   Skills:
 + Level 11.2 Fighting
 - Level 14.0 Staves
 - Level 2.0 Throwing
 + Level 10.7 Armour
 + Level 10.4 Dodging


You had 11 spell levels left.
You didn't know any spells.

Dungeon Overview and Level Annotations

Branches:
Dungeon (8/15)             Temple (1/1) D:4            Lair (5/8) D:8
 Shoals (0/4) Lair:3
  Snake: Lair:3-6    Spider: Lair:3-6

Altars:
Ashenzari
Cheibriados
Dithmenos
Elyvilon
Fedhas
Gozag
Kikubaaqudgha
Makhleb
Nemelex Xobeh
Ru
Trog
Vehumet
Xom
Yredelemnul
Zin

Annotations:
Lair:3 Fannar; zigs's ghost, powerful OgBe


Innate Abilities, Weirdness & Mutations

You reflexively headbutt those who attack you in melee.
You have a pair of large horns on your head.
You are partially covered in large bone plates (AC +2, SH +2).
You are partially covered in thin metallic scales (AC +2).
Your flesh is cold resistant.
Armour fits poorly on your strangely shaped body.
Your body sometimes deteriorates upon taking damage.
You are resistant to hostile enchantments.


Message History

Zigs's ghost hits you but does no damage.
You completely miss zigs's ghost.
Zigs's ghost is heavily damaged.
You miss zigs's ghost.
Zigs's ghost is heavily damaged.
Zigs's ghost completely misses you. You furiously retaliate!
You headbutt zigs's ghost. You closely miss zigs's ghost.
You headbutt zigs's ghost.
Zigs's ghost is severely damaged.
Zigs's ghost hits you!!
You closely miss zigs's ghost.
Zigs's ghost is severely damaged.
You sock zigs's ghost!
Zigs's ghost is severely damaged.
Zigs's ghost hits you!!
* * * LOW HITPOINT WARNING * * *
Drink which item? (? for menu, Esc to quit)
You fade into invisibility!
Zigs's ghost hits you!!
You die...

♣ ♣..♣ ♣.♣♣♣ #.♣♣ ♣♣.♣♣
♣.♣ #.♣♣♣ ♣..♣ ♣♣♣ #.♣.♣
♣♣♣ ♣ ♣♣..♣
#).#♣♣♣♣♣#.##♣♣ ♣ ♣..♣♣
#..##...♣...... ♣ ♣♣..♣
#.......P...... ♣ ♣..♣♣
♣♣♣#.P...P...†.P..
♣♣♣.♣♣
♣.W...#..P..PP.P.. ..♣.♣
♣♣@♣#.#..P........P
....♣
♣♣♣..♣#.....P.P.P..P.
...♣♣
♣♣♣♣...♣♣#...........P..
♣♣.♣ ♣♣.♣.♣.♣♣
#.....P..>..... ♣♣.♣
♣♣♣...♣♣♣♣
#....P.....P..P
♣.♣♣♣♣.♣.♣♣♣
#.......P.PP...
♣♣.♣♣.♣..♣
#.......P...P..
♣♣...♣♣..♣ ♣ ♣♣♣♣♣♣♣.♣


You could see zigs's ghost.

Vanquished Creatures
  2 hydras
  Erica (Lair:1)
  2 griffons
  4 elephants (Lair:5)
  3 black mambas
  3 spiny frogs
  2 komodo dragons (Lair:4)
  Grinder (D:3)
  A two-headed ogre (D:8)
  5 blink frogs
  3 basilisks
  3 yaks (D:7)
  Eustachio (D:5)
  A deep elf fighter (D:8)
  6 hippogriffs
  6 wolves
  6 porcupines
  5 water moccasins
  A black bear (Lair:4)
  3 orc warriors
  2 phantoms
  A necrophage (D:6)
  The ghost of Gargoyl the Skirmisher, an average DsAK of Lugonu (D:3)
  3 centaurs
  10 crocodiles
  3 ogres
  2 big kobolds
  10 giant frogs
  4 wights (D:8)
  A wasp zombie (D:5)
  A crimson imp (D:5)
  2 hounds
  5 orc wizards
  An orc priest (D:5)
  4 jellies
  4 iguanas
  5 worker ants
  3 gnolls (D:2)
  7 adders
  22 river rats
  2 shadow imps (D:5)
  An ooze (D:4)
  2 adder skeletons
  4 worms
  15 orcs
  4 giant cockroaches
  6 goblins
  4 hobgoblins
  19 jackals
  18 kobolds
  4 quokkas
  2 ball pythons
  11 bats
  6 giant geckos
  2 giant newts
  21 rats
271 creatures vanquished.

Vanquished Creatures (others)
  2 fungi
  A plant (Lair:3)
3 creatures vanquished.

Grand Total: 274 creatures vanquished

Notes
Turn   | Place    | Note
--------------------------------------------------------------
     0 | D:1      | Ordine the Minotaur Gladiator began the quest for the Orb.
     0 | D:1      | Reached XP level 1. HP: 18/18 MP: 0/0
   166 | D:1      | Reached skill level 4 in Staves
   188 | D:1      | Gained mutation: You are partially covered in large bone plates (AC +2, SH +2). [potion of mutation]
   188 | D:1      | Gained mutation: Your flesh is cold resistant. [potion of mutation]
   188 | D:1      | Gained mutation: You are resistant to hostile enchantments. [potion of mutation]
   354 | D:1      | Reached XP level 2. HP: 25/25 MP: 1/1
   635 | D:2      | Reached skill level 5 in Staves
   635 | D:2      | Reached XP level 3. HP: 10/30 MP: 2/2
   885 | D:2      | Found a white marble altar of Elyvilon.
  1014 | D:2      | Reached XP level 4. HP: 37/37 MP: 3/3
  1062 | D:2      | Reached skill level 6 in Staves
  1719 | D:3      | Found a faded altar to an unknown god.
  1800 | D:3      | Found a sacrificial altar of Ru.
  1800 | D:3      | Found a shattered altar of Ashenzari.
  1801 | D:3      | Found a blossoming altar of Fedhas.
  1894 | D:3      | Noticed a phantom
  1957 | D:3      | Noticed Grinder
  1976 | D:3      | Killed Grinder
  1976 | D:3      | Reached skill level 8 in Staves
  1976 | D:3      | Reached XP level 5. HP: 23/42 MP: 4/4
  1976 | D:3      | Reached XP level 6. HP: 27/50 MP: 5/5
  1986 | D:3      | Killed a phantom
  1986 | D:3      | Reached skill level 9 in Staves
  2470 | D:3      | Noticed Gargoyl's ghost (average DsAK)
  2485 | D:3      | Killed Gargoyl's ghost
  2485 | D:3      | Reached XP level 7. HP: 32/56 MP: 6/6
  2695 | D:4      | Found a staircase to the Ecumenical Temple.
  2730 | Temple   | Entered the Ecumenical Temple
  3086 | D:4      | Found an ancient bone altar of Kikubaaqudgha.
  3278 | D:4      | Found a sparkling altar of Nemelex Xobeh.
  3489 | D:5      | Entered Level 5 of the Dungeon
  3578 | D:5      | Reached skill level 10 in Staves
  3819 | D:5      | Noticed Eustachio
  3845 | D:5      | Reached skill level 11 in Staves
  4055 | D:5      | Killed Eustachio
  4055 | D:5      | Reached XP level 8. HP: 34/62 MP: 7/7
  4407 | D:6      | Found a sacrificial altar of Ru.
  4579 | D:6      | Found a shimmering altar of Xom.
  4586 | D:6      | Found a blossoming altar of Fedhas.
  4686 | D:6      | Reached skill level 12 in Staves
  5471 | D:7      | Reached skill level 13 in Staves
  5558 | D:7      | Reached XP level 9. HP: 12/68 MP: 8/8
  6093 | D:7      | Found an opulent altar of Gozag.
  6161 | D:7      | Reached skill level 14 in Staves
  6275 | D:7      | Lost mutation: Your flesh is cold resistant. [potion of mutation]
  6275 | D:7      | Gained mutation: You are agile. (Dex +2) [potion of mutation]
  6275 | D:7      | Gained mutation: You have a pair of large horns on your head. [potion of mutation]
  6407 | D:7      | Reached skill level 1 in Armour
  7017 | D:8      | Gained mutation: You are partially covered in thin metallic scales (AC +2). [potion of mutation]
  7017 | D:8      | Gained mutation: Your flesh is cold resistant. [potion of mutation]
  7153 | D:8      | Reached skill level 5 in Fighting
  7153 | D:8      | Reached skill level 5 in Dodging
  7206 | D:8      | Found a staircase to the Lair.
  7219 | D:8      | Got a fine leather armour
  7232 | D:8      | Identified the +1 leather armour of the Unseen Realm {rC+ rN+ Str-5 Stlth+} (You took it off a kobold on level 8 of the Dungeon)
  7508 | Lair:1   | Entered Level 1 of the Lair of Beasts
  7565 | Lair:1   | Noticed a spiny frog
  7567 | Lair:1   | Noticed an eight-headed hydra
  7569 | Lair:1   | Killed a spiny frog
  7569 | Lair:1   | Reached skill level 5 in Armour
  7576 | Lair:1   | Killed an eight-headed hydra
  7576 | Lair:1   | Reached XP level 10. HP: 74/84 MP: 9/9
  7664 | Lair:1   | Noticed Erica
  7677 | Lair:1   | Killed Erica
  8670 | Lair:2   | Gained mutation: Armour fits poorly on your strangely shaped body. [potion of mutation]
  8670 | Lair:2   | Lost mutation: You are agile. (Dex +2) [potion of mutation]
  8670 | Lair:2   | Gained mutation: Your body sometimes deteriorates upon taking damage. [potion of mutation]
  8679 | Lair:2   | Noticed a griffon
  8681 | Lair:2   | Noticed a black mamba
  8696 | Lair:2   | Killed a black mamba
  8702 | Lair:2   | Killed a griffon
  8779 | Lair:2   | Reached XP level 11. HP: 89/95 MP: 10/10
  9485 | Lair:3   | You fall through a shaft for 2 floors!
  9576 | Lair:5   | Reached skill level 10 in Fighting
  9994 | Lair:4   | Noticed a seven-headed hydra
 10002 | Lair:4   | Killed a seven-headed hydra
 10002 | Lair:4   | Reached skill level 10 in Armour
 10021 | Lair:4   | Reached skill level 10 in Dodging
 10236 | Lair:4   | Found a burning altar of Makhleb.
 10283 | Lair:3   | Found a staircase to the Shoals.
 10284 | Lair:3   | Noticed Fannar
 10620 | Lair:3   | Reached XP level 12. HP: 101/110 MP: 11/11
 10631 | Lair:3   | Noticed zigs's ghost (powerful OgBe)
 10650 | Lair:3   | Annihilated by zigs's ghost

Vault maps used:
D:1:      dpeg_arrival_pits
D:2:      minmay_strange_pillars, elyvilon_altar_5
D:3:      gammafunk_temple_overflow_forgotten, ecumenical_altar_2, first_bread,
          uniq_grinder
D:4:      lemuel_doored_altar, lemuel_crystal_altar, minmay_temple_entry_mist,
          minmay_misc_feat_cross, mrwooster_statue_mirror
D:5:      uniq_eustachio
D:6:      xom_butterflies, basic_altar, nicolae_ru_great_annihilating_truth
D:7:      grunt_gozag_statues
D:8:      grunt_lair_entry_elf_guard_hut
Temple:   temple_island_7
Lair:1:   uniq_erica
Lair:2:   minivault_26, grunt_megastairs_2
Lair:3:   forest_paths, minmay_shoals_entry_centaurs, bh_autumn_forest_stairs,
          uniq_fannar
Lair:4:   spider_nest_entry_a, basic_altar, lemuel_fruit_tree, uniq_rupert

Action                   |  1- 3 |  4- 6 |  7- 9 | 10-12 || total
-------------------------+-------+-------+-------+-------++-------
Melee: Quarterstaff      |    54 |   119 |   414 |   367 ||   954
  Use: Scroll            |     6 |     6 |     9 |     3 ||    24
       Potion            |     1 |       |     7 |     6 ||    14
 Stab: Invisible         |       |       |     3 |     5 ||     8
       Paralysed         |       |       |     1 |       ||     1
  Eat: Chunk             |       |     4 |    14 |     9 ||    27
       Beef jerky        |       |       |     2 |     1 ||     3
